 Dungeon Crawl Stone Soup version 0.21.1-1-g345015f (webtiles) character file.

5094 Monsterracer the Cudgeler (level 10, -5/77 HPs)
             Began as a Formicid Arcane Marksman on May 28, 2018.
             Was a Believer of Elyvilon.
             Slain by Gastronok (17 damage)
             ... on level 8 of the Dungeon.
             The game lasted 00:21:59 (11867 turns).

Monsterracer the Cudgeler (FoAM)                   Turns: 11867, Time: 00:22:00

Health: -5/77      AC: 20    Str: 17    XL:     10   Next: 87%
Magic:  0/14       EV:  9    Int: 14    God:    Elyvilon [**....]
Gold:   803        SH: 22    Dex: 15    Spells: 4/11 levels left

rFire    . . .     SeeInvis +   a - +2 mace (protect)
rCold    + . .     Gourm    .   k - +8 large shield of Peek-a-Boo {*Slow rN+ Stlth+}
rNeg     + . .     Faith    .   e - +2 ring mail {rC+}
rPois    +         Spirit   +   (helmet unavailable)
rElec    .         Reflect  .   L - +0 cloak
rCorr    .         Harm     .   x - +1 pair of gloves
MR       +....                  u - +0 pair of boots
Stlth    ++........             o - amulet of guardian spirit
HPRegen  0.22/turn              v - ring of poison resistance {!d}
MPRegen  0.14/turn              t - +4 ring of dexterity

@: protection aura
A: permanent stasis, dig shafts and tunnels, four strong arms, antennae 3
a: Dig, Shaft Self, Lesser Healing, Heal Other, Divine Protection, Renounce
Religion


You were on level 8 of the Dungeon.
You worshipped Elyvilon.
Elyvilon was pleased with you.
You were hungry.

You visited 2 branches of the dungeon, and saw 9 of its levels.
You also visited: Ossuary.

You collected 803 gold pieces.

Inventory:

Hand Weapons
 a - a +2 mace of protection (weapon)
 b - a +0 hand crossbow
 F - a +0 morningstar
Armour
 e - a +2 ring mail of cold resistance (worn)
 k - the +8 large shield of Peek-a-Boo (worn) {*Slow rN+ Stlth+}
   (You found it on level 6 of the Dungeon)

   It protects you from negative energy.
   It may slow you when you take damage.
   It makes you more stealthy.
 r - a scarf of cloud immunity
 u - a +0 pair of boots (worn)
 x - a +1 pair of gloves (worn)
 z - the +1 robe "Xuschoh" {*Slow rF++ rN++}
   (You found it on level 6 of the Dungeon)

   It greatly protects you from fire.
   It greatly protects you from negative energy.
   It may slow you when you take damage.
 K - a +0 plate armour
 L - a +0 cloak (worn)
Jewellery
 l - a +2 ring of intelligence
 o - an amulet of guardian spirit (around neck)
 t - a +4 ring of dexterity (right hand)
 v - a ring of poison resistance (left hand) {!d}
 w - an uncursed ring of positive energy
Wands
 p - a wand of paralysis (19)
 y - a wand of disintegration (1)
 A - a wand of polymorph (12)
Scrolls
 f - 3 scrolls of amnesia
 g - 7 scrolls of remove curse
 n - 3 scrolls of enchant weapon
 G - a scroll of magic mapping {!r}
 H - a scroll of fog
 J - 3 scrolls of identify
Potions
 h - a potion of invisibility
 i - 7 potions of curing
 j - 3 potions of flight
 m - 5 potions of might
 B - 3 potions of mutation {!q}
 C - a potion of ambrosia {!q}
 D - a potion of cancellation
 E - 2 potions of brilliance
Comestibles
 c - 10 rations
 q - 4 chunks of flesh


   Skills:
 + Level 6.7 Fighting
 * Level 7.5 Maces & Flails
 + Level 7.4 Crossbows
 + Level 5.6 Armour
 + Level 4.0 Dodging
 + Level 4.7 Shields
 - Level 1.1 Spellcasting
 - Level 3.6 Hexes
 + Level 5.9 Invocations


You had 4 spell levels left.
You knew the following spells:

 Your Spells              Type           Power        Failure   Level  Hunger
c - Portal Projectile     Hex/Tloc       #.....       99%         3    ####...
w - Cause Fear            Hex            ##........   100%        4    #####..


Dungeon Overview and Level Annotations

Branches:
Dungeon (8/15)             Temple (1/1) D:4
   Lair: D:8-11

Altars:
Ashenzari
Cheibriados
Dithmenos
Elyvilon
Fedhas
Gozag
Hepliaklqana
Kikubaaqudgha
Makhleb
Nemelex Xobeh
Okawaru
Qazlal
Ru
Sif Muna
Trog
Uskayaw
Vehumet
Wu Jian
Xom
Yredelemnul
Zin
The Shining One

Shops:
D:4 :

Annotations:
D:8 Gastronok


Innate Abilities, Weirdness & Mutations

You cannot be hasted, slowed, berserked, paralysed or teleported.
You can dig through walls and to a lower floor.
Your four strong arms can wield two-handed weapons with a shield.
You have a pair of large antennae on your head. (SInv)


Message History

Gastronok is lightly wounded.
Gastronok misses you.
You hit Gastronok.
Gastronok is lightly wounded.
You thump Gastronok!
Gastronok is lightly wounded.
You block Gastronok's attack.
You thump Gastronok!
Gastronok is moderately wounded.
Gastronok misses you.
You sock Gastronok!
Gastronok is moderately wounded.
You hit Gastronok.
Gastronok is moderately wounded.
Gastronok closely misses you.
You hit Gastronok but do no damage.
Gastronok is moderately wounded.
Gastronok casts a spell.
You sock Gastronok!
Gastronok is moderately wounded.
You hit Gastronok.
Gastronok is moderately wounded.
You block the river rat's attack. You block Gastronok's attack.
The quokka bites you but does no damage.
You hit Gastronok.
Gastronok is moderately wounded.
You block the river rat's attack. You block the quokka's attack.
Press: ? - help, Dir - move target cursor, f/p - Gastronok Heal: Gastronok, wearing a glowing hat (moderately wounded) Gastronok is completely unfazed by your meager offer of peace.
You feel quite a bit more hungry. You block the quokka's attack.
You block the river rat's attack.
Gastronok waves his eye-stalks in wide circles.
The air twists around and strikes you!
You take 11 damage, and have 40/77 hp.
You now have 8/14 mp.
Press: ? - help, Dir - move target cursor, f/p - Gastronok Heal: Gastronok, wearing a glowing hat (moderately wounded) Gastronok is completely unfazed by your meager offer of peace.
You are feeling hungry.
You block the quokka's attack. The river rat closely misses you.
The quokka closely misses you.
You now have 6/14 mp.
You sock Gastronok!
Gastronok is heavily wounded.
You block the river rat's attack. You block the quokka's attack.
Gastronok casts a spell.
You hit Gastronok but do no damage.
Gastronok is heavily wounded.
The river rat disappears in a puff of smoke!
You block the bat's attack.
The quokka bites you but does no damage.
You block the bat's attack. You block the quokka's attack.
You hit Gastronok but do no damage.
Gastronok is heavily wounded.
The bat closely misses you. You block the bat's attack.
Gastronok looks at you and mumbles some strange words.
You barely resist. The quokka barely misses you.
Your shield and ring mail prevent you from hitting Gastronok.
Gastronok is heavily wounded.
The bat barely misses you. You block the quokka's attack.
You block the bat's attack. The rat bites you but does no damage.
You block Gastronok's attack.
You sock Gastronok!
Gastronok is heavily wounded.
You block the bat's attack. x2; The quokka barely misses you.
The rat bites you but does no damage. The quokka barely misses you.
You hit Gastronok but do no damage.
Gastronok is heavily wounded.
The bat barely misses you. You block the bat's attack. x2
The rat barely misses you.
The quokka bites you but does no damage.
Gastronok bites you!
* * * LOW HITPOINT WARNING * * *
You take 11 damage, and have 30/77 hp.
You now have 5/14 mp.
Your shield prevents you from hitting Gastronok.
Gastronok is heavily wounded.
You block the bat's attack. The bat hits you but does no damage.
You block the bat's attack. The quokka barely misses you.
You block the rat's attack. Gastronok bites you!!
* * * LOW HITPOINT WARNING * * *
You block the quokka's attack.
You take 19 damage, and have 11/77 hp.
MASSIVE DAMAGE!!
You now have 2/14 mp.
You sock Gastronok!
Gastronok is heavily wounded.
You block the bat's attack. x2; The rat barely misses you.
The quokka closely misses you. You block the rat's attack.
You completely miss Gastronok.
Gastronok is heavily wounded.
You block the bat's attack. The bat hits you but does no damage.
The quokka barely misses you. You block Gastronok's attack.
You block the rat's attack.
You hit Gastronok.
Gastronok is heavily wounded.
You block the bat's attack. The bat hits you but does no damage.
You block the quokka's attack. You block the rat's attack.
You sock Gastronok!
Gastronok is heavily wounded.
The bat barely misses you. You block the bat's attack.
You block the quokka's attack. Gastronok bites you!!
You die...

##........#)#........
#........>..#.##.....
..##...###.)..####.## .
#...# ##...## ##.#
#..#.###<...## #..#
#..##.##).#...# #.##
..##.###.#.(##.#.###.###
......r..b.(............
......r@.b..##.#.##(####
..#...w.....##.#.##[##
....(............(.(.#
##................<..##
#.................(..##
......<............(....
.....................##.
.._..###.###.(.......#..
............(......#


You could see Gastronok, a quokka, 2 bats and a rat.

Vanquished Creatures
  The ghost of Lurcharcal the Spear-Bearer, a novice DrTm of the Shining One (D:8)
  Maurice (D:7)
  The ghost of crasatator the Cleaver, an amateur HOFi (D:3)
  Prince Ribbit (D:7)
  A hippogriff (D:7)
  Menkaure (D:4)
  A hungry ghost (D:7)
  2 ice beasts
  2 orc warriors
  A sky beast (D:7)
  3 ogres
  5 centaurs
  2 bullfrogs
  11 killer bees
  A scorpion (D:5)
  3 wights
  2 howler monkeys
  A centaur zombie (D:6)
  A bullfrog zombie (D:7)
  2 crimson imps (D:7)
  9 hounds
  2 quasits
  A gnoll shaman (D:7)
  An orc priest (D:5)
  8 orc wizards
  2 bullfrog skeletons
  A centaur skeleton (D:8)
  An iguana (D:7)
  Ijyb (D:3)
  5 worker ants
  A big kobold zombie (Ossuary)
  A hound skeleton (D:5)
  9 mummies
  3 gnolls (D:7)
  3 howler monkey zombies
  5 adders
  3 shadow imps
  An ooze (D:2)
  2 worms
  3 dart slugs
  7 leopard geckos
  22 orcs
  3 giant cockroaches
  5 goblins
  6 hobgoblins
  2 jackals (D:1)
  3 quokkas
  2 ball pythons
  8 bats
  5 frilled lizards
  2 gnoll zombies (Ossuary)
  2 hobgoblin zombies (Ossuary)
  A jackal skeleton (D:6)
  9 kobolds
  2 kobold zombies (Ossuary)
  An orc zombie (Ossuary)
  A quokka skeleton (D:7)
  A quokka zombie (D:5)
  5 rats
192 creatures vanquished.

Notes
Turn   | Place    | Note
-------+----------+-------------------------------------------
     0 | D:1      | Monsterracer the Formicid Arcane Marksman began the quest for the Orb.
     0 | D:1      | Reached XP level 1. HP: 15/15 MP: 2/2
    23 | D:1      | HP: 7/15 [kobold (1)]
   311 | D:1      | HP: 5/15 [rat (3)]
   510 | D:1      | Reached XP level 2. HP: 21/21 MP: 3/3
   562 | D:1      | HP: 10/21 [hobgoblin (5)]
  1101 | D:1      | Reached XP level 3. HP: 25/27 MP: 4/4
  1440 | D:2      | HP: 11/27 [ooze (4)]
  1445 | D:2      | HP: 7/27 [leopard gecko (3)]
  1450 | D:2      | HP: 6/27 [goblin (1)]
  2257 | D:2      | Reached XP level 4. HP: 21/34 MP: 3/5
  2262 | D:2      | Learned a level 3 spell: Portal Projectile
  2269 | D:2      | HP: 17/34 [poisoned by an adder]
  2277 | D:2      | HP: 16/34 [poisoned by an adder]
  2493 | D:3      | Noticed crasatator's ghost (amateur HOFi)
  2497 | D:3      | Noticed a bullfrog
  2563 | D:3      | Killed a bullfrog
  2563 | D:3      | Reached XP level 5. HP: 33/40 MP: 6/6
  2657 | D:3      | HP: 18/40 [adder (3)]
  2663 | D:3      | HP: 14/41 [poisoned by an adder]
  2669 | D:3      | HP: 12/41 [poisoned by an adder]
  2674 | D:3      | HP: 11/41 [poisoned by an adder]
  2682 | D:3      | HP: 10/41 [poisoned by an adder]
  2734 | D:3      | HP: 13/41 [frilled lizard (3)]
  2951 | D:3      | HP: 13/41 [crasatator's ghost (12)]
  3201 | D:3      | Noticed Ijyb
  3210 | D:3      | HP: 10/41 [crasatator's ghost (18)]
  3218 | D:3      | HP: 8/41 [frilled lizard (3)]
  3642 | D:3      | HP: 19/41 [Ijyb/dagger (4)]
  3645 | D:3      | Killed Ijyb
  3726 | D:3      | HP: 10/41 [crasatator's ghost (20)]
  3744 | D:3      | HP: 5/41 [crasatator's ghost (7)]
  4219 | D:2      | Reached XP level 6. HP: 43/47 MP: 7/7
  4524 | D:3      | HP: 19/47 [crasatator's ghost (10)]
  4525 | D:3      | HP: 2/47 [crasatator's ghost (15)]
  4954 | D:3      | HP: 15/47 [crasatator's ghost (11)]
  5310 | D:4      | Learned a level 4 spell: Cause Fear
  5340 | D:4      | Noticed Menkaure
  5350 | D:4      | Killed Menkaure
  5350 | D:4      | Reached skill level 1 in Maces & Flails
  5350 | D:4      | Reached skill level 5 in Crossbows
  5350 | D:4      | Reached skill level 1 in Armour
  5546 | D:4      | Reached XP level 7. HP: 46/53 MP: 8/8
  5837 | D:4      | Found a staircase to the Ecumenical Temple.
  5965 | Temple   | Entered the Ecumenical Temple
  6080 | Temple   | Became a worshipper of Elyvilon the Healer
  6241 | D:4      | Found Unooluh's Book Boutique.
  6483 | D:5      | Entered Level 5 of the Dungeon
  6652 | D:5      | Reached skill level 1 in Invocations
  6963 | D:5      | Reached XP level 8. HP: 60/60 MP: 9/9
  6979 | D:5      | HP: 30/61 [poisoned by a scorpion]
  6984 | D:5      | HP: 24/61 [poisoned by a scorpion]
  6991 | D:5      | HP: 22/61 [poisoned by a scorpion]
  6998 | D:5      | HP: 22/61 [poisoned by a scorpion]
  7006 | D:5      | HP: 21/61 [poisoned by a scorpion]
  7724 | D:6      | Reached * piety under Elyvilon
  7764 | D:6      | Got a sheer robe
  7806 | D:6      | Found a sand-covered staircase.
  7817 | Ossuary  | Entered an ossuary
  7941 | Ossuary  | HP: 27/61 [mummy (11)]
  7942 | Ossuary  | HP: 9/61 [mummy (9)]
  8360 | Ossuary  | Identified the +1 robe "Xuschoh" {*Slow rF++ rN++} (You found it on level 6 of the Dungeon)
  8436 | D:6      | HP: 30/61 [poisoned by an adder]
  8441 | D:6      | Reached skill level 5 in Fighting
  8441 | D:6      | Reached skill level 1 in Shields
  8443 | D:6      | HP: 15/62 [poisoned by an adder]
  8784 | D:6      | Reached XP level 9. HP: 63/68 MP: 9/11
  8883 | D:6      | Got a pitted large shield
  8957 | D:6      | Reached skill level 5 in Maces & Flails
  9068 | D:6      | Identified the +8 large shield of Peek-a-Boo {*Slow rN+ Stlth+} (You found it on level 6 of the Dungeon)
  9249 | D:7      | Reached ** piety under Elyvilon
  9725 | D:7      | Noticed a hippogriff
  9766 | D:7      | Killed a hippogriff
  9974 | D:7      | Found a sparkling altar of Nemelex Xobeh.
 10645 | D:3      | Killed crasatator's ghost
 10645 | D:3      | Reached XP level 10. HP: 49/76 MP: 6/13
 10782 | D:8      | Noticed Lurcharcal's ghost (novice DrTm)
 10878 | D:8      | Reached skill level 5 in Invocations
 10955 | D:8      | Noticed Prince Ribbit
 11004 | D:7      | Killed Prince Ribbit
 11004 | D:7      | Reached skill level 5 in Armour
 11221 | D:8      | Noticed Maurice
 11329 | D:7      | Killed Maurice
 11561 | D:8      | HP: 36/77 [Lurcharcal's ghost (7)]
 11566 | D:8      | HP: 31/77 [killer bee (5)]
 11573 | D:8      | HP: 20/77 [Lurcharcal's ghost (2)]
 11581 | D:8      | HP: 20/77 [Lurcharcal's ghost (1)]
 11589 | D:8      | HP: 17/77 [Lurcharcal's ghost (2)]
 11602 | D:8      | Killed Lurcharcal's ghost
 11605 | D:8      | HP: 15/77 [killer bee (2)]
 11619 | D:8      | HP: 18/77 [orc wizard/puff of frost (1)]
 11633 | D:8      | HP: 19/77 [orc wizard/magic dart (2)]
 11835 | D:8      | Noticed Gastronok
 11840 | D:8      | Found a shimmering altar of Xom.
 11862 | D:8      | HP: 30/77 [Gastronok (11)]
 11863 | D:8      | HP: 11/77 [Gastronok (20)]
 11867 | D:8      | Slain by Gastronok

Skill      XL: |  1  2  3  4  5  6  7  8  9 10 |
---------------+-------------------------------+-----
Fighting       | 2 3 4 5 6 |  6.7
Crossbows      | 3 4 5 6 7 |  7.4
Maces & Flails | 2 3 4 6 7 |  7.5
Armour         | 1 2 3 4 5 |  5.6
Invocations    | 1 3 4 5 |  5.9
Shields        | 1 3 4 |  4.7
Dodging        | 3 4 |  4.0
Spellcasting   | |  1.1
Hexes          | |  3.6

Action                   |  1- 3 |  4- 6 |  7- 9 | 10-12 || total
-------------------------+-------+-------+-------+-------++-------
Melee: Unarmed           |     7 |     4 |       |       ||    11
       Spear             |    96 |    35 |       |       ||   131
       Mace              |       |    84 |   559 |   506 ||  1149
       Hand crossbow     |       |     1 |       |       ||     1
 Fire: Hand crossbow     |    42 |    29 |    22 |    20 ||   113
Throw: Throwing net      |       |       |       |     1 ||     1
 Cast: Corona            |    12 |     5 |       |       ||    17
Invok: Heal Other        |       |       |       |     2 ||     2
Evoke: Wand              |       |       |       |     8 ||     8
  Use: Potion            |       |     2 |       |       ||     2
       Scroll            |       |    11 |    11 |       ||    22
 Stab: Sleeping          |     1 |     1 |       |       ||     2
  Eat: Chunk             |     5 |       |    14 |     7 ||    26
       Ration            |       |     3 |     1 |       ||     4
Armor: Robe              |    25 |    18 |       |       ||    43
       Ring mail         |       |    48 |   337 |   137 ||   522
       Skin              |       |     2 |       |       ||     2
Dodge: Dodged            |   101 |   119 |   293 |    99 ||   612
Block: Shield            |       |       |    31 |       ||    31
       Large shield      |       |       |   293 |   604 ||   897

Vault maps used:
D:1:      dpeg_arrival_lava_altar
D:3:      serial_bayou_crossing, uniq_ijyb
D:4:      minmay_temple_entry_overgrown, serial_shops, kennysheep_mini_moat,
          first_ration, uniq_menkaure
D:6:      gup_ossuary_entry_pyramid
D:7:      kennysheep_mini, grunt_ogre_cave
D:8:      basic_altar, uniq_gastronok, uniq_prince_ribbit1, uniq_maurice
Temple:   compressed_dpeg_circular_temple
Ossuary:  ossuary_tomb_3
